Rafales vs Ice Dragons
Created - January 6, 2020 at 19:20
Goals
|
Rafales |
1 |
0 |
3 |
4 |
Ice Dragons |
2 |
2 |
3 |
7 |
|
Shots
|
Rafales |
11 |
8 |
11 |
30 |
Ice Dragons |
18 |
8 |
11 |
37 |
|
1st period
1. Rafales , Brian Ferlin 11 (Chris Terry 5) at 7:28 (PP)
2. Ice Dragons , Logan MacMillan 3 (Brayden McNabb 17, Corban Knight 19) at 9:18
3. Ice Dragons , Justin Shugg 5 (Samuel Groulx 4, Corban Knight 20) at 16:11 (PP)
Penalties :
Logan MacMillan (Kin) for Roughing (Minor) at 1:14, Alex Plante (Kin) for Interference (Minor) at 7:02, Ben Thomson (Stf) for Elbowing (Minor) at 14:52, Adam Clendening (Kin) for Roughing (Minor) at 19:23
2nd period
4. Ice Dragons , Brian Boyle 12 (Kevin Connauton 9, Brayden McNabb 18) at 6:30
5. Ice Dragons , Billy Sweat 10 (Brian Boyle 16) at 9:48 (PP)
Penalties :
Cedric Paquette (Stf) for Tripping (Minor) at 9:41, Brian Boyle (Kin) for Charging (Minor) at 12:06, Ben Thomson (Stf) for Hooking (Minor) at 18:27
3rd period
6. Ice Dragons , Brandon Kozun 8 (Brian Boyle 17) at 6:27 (PP)
7. Rafales , James Marcou 3 (Ryan Bourque 4, Ben Thomson 6) at 9:50
8. Ice Dragons , Sam Carrick 7 (William Carrier 10, Chris Wagner 3) at 12:07
9. Rafales , Andrew Shaw 18 (Carl Klingberg 21, Dylan McIlrath 11) at 16:07
10. Ice Dragons , Brandon Kozun 9 (Brayden McNabb 19, Brian Boyle 18) at 16:19
11. Rafales , Carl Klingberg 20 (Andrew Shaw 33) at 17:49
Penalties :
Corban Knight (Kin) for Interference (Minor) at 3:01, Jayson Megna (Stf) for Hooking (Minor) at 6:25, Billy Sweat (Kin) for High sticking (Minor) at 7:35
Goalie Stats
Jake Allen (Stf), 30 saves from 37 shots - (0.811), L, 11-6-1, 60:00 minutes
Harru Sateri (Kin), 26 saves from 30 shots - (0.867), W, 13-10-4, 60:00 minutes
Players Stats for Rafales
Player Name G A P +/- PIM S H SB GA TA FO MP PP MP PK MP
------------------------------------------------------------------------------------
Akim Aliu 0 0 0 0 0 0 0 0 0 0 0/0 0:37 0:21 0:00
Andrew Shaw 1 1 2 0 0 7 2 1 2 0 2/4 23:00 4:58 2:04
Ben Johnson 0 0 0 0 0 0 0 0 0 0 0/0 0:00 0:00 0:00
Ben Sexton 0 0 0 0 0 0 0 0 0 0 0/0 0:00 0:00 0:00
Ben Thomson 0 1 1 1 4 2 2 0 0 1 0/0 8:35 0:00 0:00
Brad Ross 0 0 0 0 0 0 0 0 0 0 0/0 1:06 0:12 0:49
Brian Ferlin 1 0 1 -1 0 6 2 1 0 0 0/0 16:47 4:55 0:34
Bruno Gervais 0 0 0 -2 0 0 2 2 2 0 0/0 24:51 3:50 0:00
Carl Klingberg 1 1 2 0 0 3 1 2 1 0 1/8 23:01 4:59 2:04
Cedric Paquette 0 0 0 -1 2 2 4 1 0 0 3/10 16:12 4:55 0:00
Chris Terry 0 1 1 -1 0 2 2 0 1 0 0/1 16:13 4:55 0:00
Connor Murphy 0 0 0 -2 0 1 0 1 2 2 0/0 29:28 6:31 1:40
David Broll 0 0 0 0 0 0 0 0 0 0 0/0 0:00 0:00 0:00
Dylan McIlrath 0 1 1 1 0 1 1 2 0 0 0/0 17:20 0:00 1:47
James Marcou 1 0 1 1 0 1 0 0 0 0 0/0 8:17 0:00 0:00
Jayson Megna 0 0 0 -1 2 0 1 0 0 0 3/6 10:17 0:00 0:00
Joey Laleggia 0 0 0 2 0 0 1 1 1 1 0/0 19:58 3:50 1:47
Julian Melchiori 0 0 0 -1 0 0 2 4 0 1 0/0 19:48 6:31 1:40
Kevin Veilleux 0 0 0 0 0 1 0 0 1 0 9/33 20:36 4:58 0:00
Maksim Mayorov 0 0 0 -1 0 1 2 0 0 1 0/0 10:18 0:00 0:00
Nathan Davis 0 0 0 0 0 0 0 0 0 0 0/0 0:00 0:00 0:00
Ryan Bourque 0 1 1 1 0 1 1 0 0 0 2/3 8:17 0:00 0:00
Slater Koekkoek 0 0 0 0 0 0 0 1 0 0 0/0 8:35 0:00 0:00
Tim Crowder 0 0 0 -1 0 2 1 0 1 0 1/1 11:35 0:22 0:34
Tyrell Goulbourne 0 0 0 0 0 0 0 0 0 0 0/0 1:38 0:28 0:49
Players Stats for Ice Dragons
Player Name G A P +/- PIM S H SB GA TA FO MP PP MP PK MP
------------------------------------------------------------------------------------
Adam Clendening 0 0 0 -2 2 0 0 1 0 1 0/0 8:05 0:00 0:00
Alex Henriksson 0 0 0 0 0 0 0 0 0 0 1/2 3:32 0:00 3:17
Alex Plante 0 0 0 -2 2 0 0 0 0 1 0/0 7:56 0:00 0:00
Billy Sweat 1 0 1 0 2 5 0 1 1 0 2/5 19:42 1:33 1:43
Brandon Kozun 2 0 2 0 0 5 0 0 0 0 1/1 20:11 1:33 2:17
Brayden McNabb 0 3 3 2 0 2 1 0 0 1 0/0 25:33 1:29 6:02
Brian Boyle 1 3 4 0 2 3 1 0 0 2 25/37 22:37 1:33 4:28
Chris Wagner 0 1 1 0 0 1 3 0 0 0 0/0 9:13 0:00 0:00
Christian Djoos 0 0 0 1 0 0 1 0 0 0 0/0 5:54 0:00 0:00
Cole Ully 0 0 0 0 0 0 0 0 0 0 0/0 0:00 0:00 0:00
Corban Knight 0 2 2 1 2 4 0 2 1 0 7/11 20:38 1:54 4:25
Emil Pettersson 0 0 0 0 0 1 0 0 0 1 1/1 5:57 0:00 0:00
Juho Lammikko 0 0 0 0 0 1 0 0 0 0 0/0 5:57 0:00 0:00
Justin Shugg 1 0 1 1 0 3 0 0 0 0 1/1 16:13 1:54 0:00
Kevin Connauton 0 1 1 2 0 1 0 0 1 1 0/0 25:33 1:29 6:02
Logan MacMillan 1 0 1 1 2 3 2 4 0 0 1/1 16:17 1:54 0:00
Michael Ferland 0 0 0 0 0 1 0 0 0 0 0/0 8:16 0:00 2:07
Mike Reilly 0 0 0 0 0 4 2 0 2 2 0/0 20:36 1:58 4:19
Robin Norell 0 0 0 1 0 0 0 0 0 0 0/0 5:54 0:00 0:00
Sam Carrick 1 0 1 0 0 1 1 0 0 0 5/6 9:40 0:00 0:26
Samuel Groulx 0 1 1 0 0 2 0 0 1 2 0/0 20:36 1:58 4:19
Theodor Blueger 0 0 0 0 0 0 0 0 0 0 0/0 2:00 0:00 1:59
Thomas Gobeil 0 0 0 0 0 0 0 0 0 0 0/0 0:00 0:00 0:00
William Carrier 0 1 1 0 0 0 0 0 0 0 1/1 9:13 0:00 0:00
3 Stars
1 - Brian Boyle (Kin)
2 - Brayden McNabb (Kin)
3 - Brandon Kozun (Kin)
Power Play
Rafales - 1 on 6 Attempt(s) - 16.67%
Ice Dragons - 3 on 4 Attempt(s) - 75.00%
Penalty Kill
Rafales - 1 on 4 Attempt(s) - 25.00%
- Score 0 goal in Penalty Kill
Ice Dragons - 5 on 6 Attempt(s) - 83.33%
- Score 0 goal in Penalty Kill
Team Stat
Rafales - Hits : 24 - Faceoff Wins : 21 - Blocked Shots : 16 - Penalty Minutes : 8
Ice Dragons - Hits : 11 - Faceoff Wins : 45 - Blocked Shots : 8 - Penalty Minutes : 12
Official
Referees : Unknown
Linesman : Unknown
Game Notes
No Game Note
Finance
Level 1 -- Attendance: 1500 (75.00%) -- Ticket Income $60,000
Level 2 -- Attendance: 756 (75.60%) -- Ticket Income $15,120
Total Attendance: 2256 (75.20%)
Total Ticket Income: $75,120
Other Income: $3,756
Total Income: $78,876
Rafales
5 vs 5 Forward
Center Left Wing Right Wing Time % Phy DF OF
1 Kevin Veilleux Carl Klingberg Andrew Shaw 40 1 2 2
2 Cedric Paquette Chris Terry Brian Ferlin 30 1 2 2
3 Jayson Megna Maksim Mayorov Tim Crowder 20 1 2 2
4 Ryan Bourque Ben Thomson James Marcou 10 1 2 2
5 vs 5 Defense
Defense Defense Time % Phy DF OF
1 Connor Murphy Bruno Gervais 40 1 2 2
2 Dylan McIlrath Joey Laleggia 30 1 2 2
3 Julian Melchiori Slater Koekkoek 20 1 2 2
4 Julian Melchiori Dylan McIlrath 10 1 2 2
PowerPlay Forward
Center Left Wing Right Wing Time % Phy DF OF
1 Kevin Veilleux Carl Klingberg Andrew Shaw 60 1 2 2
2 Cedric Paquette Chris Terry Brian Ferlin 40 1 2 2
PowerPlay Defense
Defense Defense Time % Phy DF OF
1 Connor Murphy Julian Melchiori 60 1 2 2
2 Bruno Gervais Joey Laleggia 40 1 2 2
Penalty Kill 4 Players Forward
Center Wing Time % Phy DF OF
1 Carl Klingberg Andrew Shaw 60 1 2 2
2 Brian Ferlin Tim Crowder 40 1 2 2
Penalty Kill 4 Players Defense
Defense Defense Time % Phy DF OF
1 Connor Murphy Julian Melchiori 60 1 2 2
2 Dylan McIlrath Joey Laleggia 40 1 2 2
Penalty Kill - 3 Players Forward
Forward Time % Phy DF OF
1 Carl Klingberg 60 1 2 2
2 Andrew Shaw 40 1 2 2
Penalty Kill - 3 Players Defense
Defense Defense Time % Phy DF OF
1 Connor Murphy Julian Melchiori 60 1 2 2
2 Dylan McIlrath Joey Laleggia 40 1 2 2
4 vs 4 Forward
Center Wing Time % Phy DF OF
1 Carl Klingberg Andrew Shaw 60 1 2 2
2 Brian Ferlin Tim Crowder 40 1 2 2
4 vs 4 Defense
Defense Defense Time % Phy DF OF
1 Connor Murphy Julian Melchiori 60 1 2 2
2 Dylan McIlrath Joey Laleggia 40 1 2 2
Last Minutes Offensive
Center Left Wing Right Wing Defense Defense
Kevin Veilleux Carl Klingberg Andrew Shaw Connor Murphy Julian Melchiori
Last Minutes Defensive
Center Left Wing Right Wing Defense Defense
Kevin Veilleux Carl Klingberg Andrew Shaw Connor Murphy Julian Melchiori
Goaltenders
Starting : Jake Allen
Backup : Leland Irving
Extra Forwards
Normal : Akim Aliu, Tyrell Goulbourne, Brad Ross - PP : Akim Aliu, Tyrell Goulbourne - PK : Brad Ross
Extra Defensemen
Normal : Bruno Gervais, Joey Laleggia, Connor Murphy - PP : Bruno Gervais - PK : Joey Laleggia, Connor Murphy
Penalty Shots
Carl Klingberg, Andrew Shaw, Brian Ferlin, Tim Crowder, Kevin Veilleux
Scratches
Chris Driedger (Healthy), Sean Maguire (Healthy)
Ice Dragons
5 vs 5 Forward
Center Left Wing Right Wing Time % Phy DF OF
1 Brian Boyle Billy Sweat Brandon Kozun 40 1 2 2
2 Corban Knight Logan MacMillan Justin Shugg 30 1 2 2
3 Sam Carrick William Carrier Chris Wagner 20 1 2 2
4 Emil Pettersson Michael Ferland Juho Lammikko 10 1 2 2
5 vs 5 Defense
Defense Defense Time % Phy DF OF
1 Brayden McNabb Kevin Connauton 40 1 2 2
2 Samuel Groulx Mike Reilly 30 1 2 2
3 Alex Plante Adam Clendening 20 1 2 2
4 Christian Djoos Robin Norell 10 1 2 2
PowerPlay Forward
Center Left Wing Right Wing Time % Phy DF OF
1 Brian Boyle Billy Sweat Brandon Kozun 60 1 2 2
2 Corban Knight Logan MacMillan Justin Shugg 40 1 2 2
PowerPlay Defense
Defense Defense Time % Phy DF OF
1 Brayden McNabb Kevin Connauton 60 1 2 2
2 Samuel Groulx Mike Reilly 40 1 2 2
Penalty Kill 4 Players Forward
Center Wing Time % Phy DF OF
1 Brian Boyle Corban Knight 60 1 2 2
2 Billy Sweat Brandon Kozun 40 1 2 2
Penalty Kill 4 Players Defense
Defense Defense Time % Phy DF OF
1 Brayden McNabb Kevin Connauton 60 1 2 2
2 Samuel Groulx Mike Reilly 40 1 2 2
Penalty Kill - 3 Players Forward
Forward Time % Phy DF OF
1 Brian Boyle 60 1 2 2
2 Corban Knight 40 1 2 2
Penalty Kill - 3 Players Defense
Defense Defense Time % Phy DF OF
1 Brayden McNabb Kevin Connauton 60 1 2 2
2 Samuel Groulx Mike Reilly 40 1 2 2
4 vs 4 Forward
Center Wing Time % Phy DF OF
1 Brian Boyle Corban Knight 60 1 2 2
2 Billy Sweat Brandon Kozun 40 1 2 2
4 vs 4 Defense
Defense Defense Time % Phy DF OF
1 Brayden McNabb Kevin Connauton 60 1 2 2
2 Samuel Groulx Mike Reilly 40 1 2 2
Last Minutes Offensive
Center Left Wing Right Wing Defense Defense
Brian Boyle Billy Sweat Brandon Kozun Brayden McNabb Kevin Connauton
Last Minutes Defensive
Center Left Wing Right Wing Defense Defense
Brian Boyle Billy Sweat Brandon Kozun Brayden McNabb Kevin Connauton
Goaltenders
Starting : Harru Sateri
Backup : Oscar Dansk
Extra Forwards
Normal : Theodor Blueger, Cole Ully, Alex Henriksson - PP : Theodor Blueger, Cole Ully - PK : Alex Henriksson
Extra Defensemen
Normal : Alex Plante, Adam Clendening, Christian Djoos - PP : Alex Plante - PK : Adam Clendening, Christian Djoos
Penalty Shots
Brian Boyle, Corban Knight, Billy Sweat, Brandon Kozun, Logan MacMillan
Scratches
Jordan LaVallee (Suspend)
% Time on Ice - Rafales
Lines # - Real PCT - Wanted PCT - Time Play
Normal Forward
1 - 35% - 40% - 16:19
2 - 24% - 30% - 11:18
3 - 22% - 20% - 10:18
4 - 18% - 10% - 8:17
Normal Defense
1 - 45% - 40% - 20:43
2 - 31% - 30% - 14:21
3 - 19% - 20% - 8:35
4 - 6% - 10% - 2:33
PP Forward
1 - 52% - 60% - 5:26
2 - 48% - 40% - 4:55
PP Defense
1 - 63% - 60% - 6:31
2 - 37% - 40% - 3:50
PK Forward
1 - 84% - 60% - 2:53
2 - 16% - 40% - 0:34
PK Defense
1 - 48% - 60% - 1:40
2 - 52% - 40% - 1:47
PK3 Forward
1 - 0% - 60%
2 - 0% - 40%
PK3 Defense
1 - 0% - 60%
2 - 0% - 40%
44 Forward
1 - 0% - 60%
2 - 0% - 40%
44 Defense
1 - 0% - 60%
2 - 0% - 40%
Last Minute Offensive - 0:00
Last Minute Defensive - 0:00
Total
Forward - 60:00
Defense - 60:00
|
% Time on Ice - Ice Dragons
Lines # - Real PCT - Wanted PCT - Time Play
Normal Forward
1 - 36% - 40% - 16:37
2 - 31% - 30% - 14:25
3 - 20% - 20% - 9:13
4 - 13% - 10% - 5:57
Normal Defense
1 - 39% - 40% - 18:02
2 - 31% - 30% - 14:19
3 - 17% - 20% - 7:57
4 - 13% - 10% - 5:54
PP Forward
1 - 45% - 60% - 1:33
2 - 55% - 40% - 1:54
PP Defense
1 - 43% - 60% - 1:29
2 - 57% - 40% - 1:58
PK Forward
1 - 76% - 60% - 7:53
2 - 24% - 40% - 2:28
PK Defense
1 - 58% - 60% - 6:02
2 - 42% - 40% - 4:19
PK3 Forward
1 - 0% - 60%
2 - 0% - 40%
PK3 Defense
1 - 0% - 60%
2 - 0% - 40%
44 Forward
1 - 0% - 60%
2 - 0% - 40%
44 Defense
1 - 0% - 60%
2 - 0% - 40%
Last Minute Offensive - 0:00
Last Minute Defensive - 0:00
Total
Forward - 60:00
Defense - 60:00
|
Play-by-Play
1st period
0:01 of 1st period - Brian Boyle wins face-off versus Kevin Veilleux in neutral zone.
0:04 of 1st period - Slapshot by Brayden McNabb.
0:04 of 1st period - Stopped by Jake Allen with a rebound.
0:48 of 1st period - Wrist shot by Ben Thomson.
0:48 of 1st period - Shot Blocked by Corban Knight.
1:10 of 1st period - Icing by Brayden McNabb.
1:11 of 1st period - Jayson Megna wins face-off versus Corban Knight in Ice Dragons zone.
1:12 of 1st period - Backhand shot by Tim Crowder.
1:12 of 1st period - Shot Blocked by Corban Knight.
1:14 of 1st period - Minor Penalty to Logan MacMillan for Roughing.
1:15 of 1st period - Brian Boyle wins face-off versus Kevin Veilleux in Ice Dragons zone.
1:31 of 1st period - Snap shot by Carl Klingberg.
1:31 of 1st period - Stopped by Harru Sateri without a rebound.
1:32 of 1st period - Cedric Paquette wins face-off versus Billy Sweat in Ice Dragons zone.
1:33 of 1st period - Snap shot by Brian Ferlin.
1:33 of 1st period - Stopped by Harru Sateri without a rebound.
1:34 of 1st period - Billy Sweat wins face-off versus Chris Terry in Ice Dragons zone.
1:34 of 1st period - Billy Sweat is hit by Chris Terry.
1:59 of 1st period - Brayden McNabb is hit by Andrew Shaw and loses puck.
3:14 of 1st period - Penalty to Logan MacMillan is over, Logan MacMillan is back on ice.
3:24 of 1st period - William Carrier is hit by Maksim Mayorov.
4:16 of 1st period - Carl Klingberg is hit by Logan MacMillan and loses puck.
4:23 of 1st period - Mike Reilly is hit by Andrew Shaw and loses puck.
4:34 of 1st period - Samuel Groulx is hit by Ryan Bourque and loses puck.
5:49 of 1st period - Snap shot by Emil Pettersson.
5:49 of 1st period - Deflect By Cedric Paquette.
5:49 of 1st period - Stopped by Jake Allen with a rebound.
6:00 of 1st period - Icing by Michael Ferland.
6:01 of 1st period - Sam Carrick wins face-off versus Kevin Veilleux in Ice Dragons zone.
6:08 of 1st period - Slapshot by Kevin Connauton.
6:08 of 1st period - Stopped by Jake Allen with a rebound.
6:10 of 1st period - Slapshot by Brayden McNabb.
6:10 of 1st period - Shot Blocked by Carl Klingberg.
6:46 of 1st period - Logan MacMillan is hit by Ben Thomson.
6:54 of 1st period - Snap shot by Ryan Bourque.
6:54 of 1st period - Shot Hit the Post.
6:56 of 1st period - Slapshot by Dylan McIlrath.
6:56 of 1st period - Stopped by Harru Sateri with a rebound.
7:02 of 1st period - Minor Penalty to Alex Plante for Interference.
7:03 of 1st period - Brian Boyle wins face-off versus Kevin Veilleux in Ice Dragons zone.
7:28 of 1st period - Snap shot by Brian Ferlin.
7:28 of 1st period - Goal by Brian Ferlin - Rafales : 1 - Ice Dragons : 0.
7:29 of 1st period - Kevin Veilleux wins face-off versus Brian Boyle in neutral zone.
7:32 of 1st period - Wrist shot by Andrew Shaw.
7:32 of 1st period - Stopped by Harru Sateri without a rebound.
7:33 of 1st period - Andrew Shaw wins face-off versus Brian Boyle in Ice Dragons zone.
8:00 of 1st period - Snap shot by Brian Ferlin.
8:00 of 1st period - Stopped by Harru Sateri without a rebound.
8:01 of 1st period - Justin Shugg wins face-off versus Cedric Paquette in Ice Dragons zone.
8:06 of 1st period - Slapshot by Kevin Connauton.
8:06 of 1st period - Shot Misses the Net.
8:08 of 1st period - Snap shot by Justin Shugg.
8:08 of 1st period - Stopped by Jake Allen with a rebound.
8:24 of 1st period - Snap shot by Logan MacMillan.
8:24 of 1st period - Shot Blocked by Cedric Paquette.
8:36 of 1st period - Snap shot by Logan MacMillan.
8:36 of 1st period - Stopped by Jake Allen with a rebound.
8:38 of 1st period - Wrist shot by Justin Shugg.
8:38 of 1st period - Shot Blocked by Julian Melchiori.
8:40 of 1st period - Slapshot by Samuel Groulx.
8:40 of 1st period - Shot Misses the Net.
8:58 of 1st period - Snap shot by Corban Knight.
8:58 of 1st period - Shot Misses the Net.
9:00 of 1st period - Wrist shot by Adam Clendening.
9:00 of 1st period - Shot Blocked by Brian Ferlin.
9:08 of 1st period - Snap shot by Logan MacMillan.
9:08 of 1st period - Shot Misses the Net.
9:12 of 1st period - Snap shot by Corban Knight.
9:12 of 1st period - Shot Misses the Net.
9:14 of 1st period - Slapshot by Brayden McNabb.
9:14 of 1st period - Shot Misses the Net.
9:16 of 1st period - Slapshot by Brayden McNabb.
9:16 of 1st period - Shot Blocked by Dylan McIlrath.
9:18 of 1st period - Snap shot by Logan MacMillan.
9:18 of 1st period - Goal by Logan MacMillan - Rafales : 1 - Ice Dragons : 1.
9:19 of 1st period - Brian Boyle wins face-off versus Kevin Veilleux in neutral zone.
10:55 of 1st period - Off-side.
10:56 of 1st period - Emil Pettersson wins face-off versus Ryan Bourque in neutral zone.
11:34 of 1st period - Slapshot by Mike Reilly.
11:34 of 1st period - Deflect By Michael Ferland.
11:34 of 1st period - Stopped by Jake Allen without a rebound.
11:35 of 1st period - Brian Boyle wins face-off versus Kevin Veilleux in Rafales zone.
12:00 of 1st period - Billy Sweat is hit by Jayson Megna and loses puck.
12:49 of 1st period - Wrist shot by Andrew Shaw.
12:49 of 1st period - Stopped by Harru Sateri without a rebound.
12:50 of 1st period - William Carrier wins face-off versus Carl Klingberg in Ice Dragons zone.
12:56 of 1st period - Slapshot by Mike Reilly.
12:56 of 1st period - Stopped by Jake Allen without a rebound.
12:57 of 1st period - Sam Carrick wins face-off versus Kevin Veilleux in Rafales zone.
13:27 of 1st period - Slapshot by Corban Knight.
13:27 of 1st period - Stopped by Jake Allen without a rebound.
13:28 of 1st period - Corban Knight wins face-off versus Cedric Paquette in Rafales zone.
13:43 of 1st period - Snap shot by Corban Knight.
13:43 of 1st period - Stopped by Jake Allen with a rebound.
13:53 of 1st period - Kevin Veilleux is hit by Brian Boyle.
14:04 of 1st period - Brian Boyle is hit by Carl Klingberg and loses puck.
14:33 of 1st period - Kevin Connauton is hit by Julian Melchiori and loses puck.
14:40 of 1st period - Slapshot by Emil Pettersson.
14:40 of 1st period - Shot Blocked by Julian Melchiori.
14:42 of 1st period - Slapshot by Brayden McNabb.
14:42 of 1st period - Stopped by Jake Allen with a rebound.
14:44 of 1st period - Snap shot by Juho Lammikko.
14:44 of 1st period - Stopped by Jake Allen with a rebound.
14:52 of 1st period - Minor Penalty to Ben Thomson for Elbowing.
14:53 of 1st period - Carl Klingberg wins face-off versus Billy Sweat in Rafales zone.
16:01 of 1st period - Snap shot by Logan MacMillan.
16:01 of 1st period - Stopped by Jake Allen with a rebound.
16:03 of 1st period - Snap shot by Logan MacMillan.
16:03 of 1st period - Shot Hit the Post.
16:05 of 1st period - Snap shot by Corban Knight.
16:05 of 1st period - Shot Misses the Net.
16:07 of 1st period - Snap shot by Samuel Groulx.
16:07 of 1st period - Deflect By Justin Shugg.
16:07 of 1st period - Stopped by Jake Allen with a rebound.
16:09 of 1st period - Slapshot by Samuel Groulx.
16:09 of 1st period - Shot Misses the Net.
16:11 of 1st period - Slapshot by Justin Shugg.
16:11 of 1st period - Goal by Justin Shugg - Rafales : 1 - Ice Dragons : 2.
16:12 of 1st period - Brian Boyle wins face-off versus Kevin Veilleux in neutral zone.
16:23 of 1st period - Backhand shot by Brandon Kozun.
16:23 of 1st period - Stopped by Jake Allen without a rebound.
16:24 of 1st period - Kevin Veilleux wins face-off versus Brian Boyle in Rafales zone.
16:31 of 1st period - Wrist shot by Carl Klingberg.
16:31 of 1st period - Deflect By Andrew Shaw.
16:31 of 1st period - Stopped by Harru Sateri without a rebound.
16:32 of 1st period - Brian Boyle wins face-off versus Kevin Veilleux in Ice Dragons zone.
16:47 of 1st period - Snap shot by Brandon Kozun.
16:47 of 1st period - Deflect By Billy Sweat.
16:47 of 1st period - Stopped by Jake Allen without a rebound.
16:48 of 1st period - Corban Knight wins face-off versus Cedric Paquette in Rafales zone.
17:04 of 1st period - Wrist shot by Chris Terry.
17:04 of 1st period - Shot Misses the Net.
17:30 of 1st period - Carl Klingberg is hit by Mike Reilly and loses puck.
17:54 of 1st period - Wrist shot by Billy Sweat.
17:54 of 1st period - Stopped by Jake Allen without a rebound.
17:55 of 1st period - Corban Knight wins face-off versus Cedric Paquette in Rafales zone.
18:08 of 1st period - Snap shot by Brian Ferlin.
18:08 of 1st period - Stopped by Harru Sateri with a rebound.
18:10 of 1st period - Snap shot by Joey Laleggia.
18:10 of 1st period - Shot Misses the Net.
18:20 of 1st period - Kevin Connauton is hit by Joey Laleggia and loses puck.
18:30 of 1st period - Icing by Dylan McIlrath.
18:31 of 1st period - Corban Knight wins face-off versus Jayson Megna in Rafales zone.
18:44 of 1st period - Wrist shot by Tim Crowder.
18:44 of 1st period - Stopped by Harru Sateri with a rebound.
18:50 of 1st period - Snap shot by Maksim Mayorov.
18:50 of 1st period - Shot Blocked by Logan MacMillan.
18:52 of 1st period - Snap shot by Maksim Mayorov.
18:52 of 1st period - Shot Blocked by Adam Clendening.
19:10 of 1st period - Wrist shot by Tim Crowder.
19:10 of 1st period - Shot Misses the Net.
19:23 of 1st period - Minor Penalty to Adam Clendening for Roughing.
19:24 of 1st period - Brian Boyle wins face-off versus Kevin Veilleux in Ice Dragons zone.
19:36 of 1st period - Slapshot by Carl Klingberg.
19:36 of 1st period - Stopped by Harru Sateri with a rebound.
19:38 of 1st period - Slapshot by Julian Melchiori.
19:38 of 1st period - Shot Misses the Net.
19:58 of 1st period - Off-side.
19:59 of 1st period - Billy Sweat wins face-off versus Kevin Veilleux in neutral zone.
Goals for this period are 1 for Rafales vs 2 for Ice Dragons.
Shots for this period are 11 for Rafales vs 18 for Ice Dragons.
2nd period
0:01 of 2nd period - Brian Boyle wins face-off versus Kevin Veilleux in neutral zone.
1:23 of 2nd period - Penalty to Adam Clendening is over, Adam Clendening is back on ice.
1:31 of 2nd period - Wrist shot by Maksim Mayorov.
1:31 of 2nd period - Deflect By Brayden McNabb.
1:31 of 2nd period - Stopped by Harru Sateri without a rebound.
1:32 of 2nd period - Sam Carrick wins face-off versus Jayson Megna in Ice Dragons zone.
1:42 of 2nd period - Off-side.
1:43 of 2nd period - Sam Carrick wins face-off versus Kevin Veilleux in neutral zone.
2:30 of 2nd period - Slapshot by Brian Boyle.
2:30 of 2nd period - Shot Blocked by Joey Laleggia.
3:34 of 2nd period - Snap shot by Brian Ferlin.
3:34 of 2nd period - Shot Misses the Net.
3:36 of 2nd period - Snap shot by Chris Terry.
3:36 of 2nd period - Stopped by Harru Sateri with a rebound.
3:38 of 2nd period - Snap shot by Brian Ferlin.
3:38 of 2nd period - Stopped by Harru Sateri without a rebound.
3:39 of 2nd period - Brian Boyle wins face-off versus Kevin Veilleux in Ice Dragons zone.
3:52 of 2nd period - Wrist shot by Brian Boyle.
3:52 of 2nd period - Stopped by Jake Allen with a rebound.
3:54 of 2nd period - Snap shot by Billy Sweat.
3:54 of 2nd period - Shot Misses the Net.
4:50 of 2nd period - Wrist shot by Brian Boyle.
4:50 of 2nd period - Shot Misses the Net.
4:52 of 2nd period - Snap shot by Billy Sweat.
4:52 of 2nd period - Shot Blocked by Julian Melchiori.
4:54 of 2nd period - Wrist shot by Brian Boyle.
4:54 of 2nd period - Shot Blocked by Slater Koekkoek.
4:56 of 2nd period - Snap shot by Brandon Kozun.
4:56 of 2nd period - Deflect By Brian Boyle.
4:56 of 2nd period - Shot Blocked by Julian Melchiori.
4:56 of 2nd period - Puck is out of play.
4:57 of 2nd period - Corban Knight wins face-off versus Andrew Shaw in Rafales zone.
5:45 of 2nd period - Jayson Megna is hit by Mike Reilly and loses puck.
6:30 of 2nd period - Snap shot by Brian Boyle.
6:30 of 2nd period - Goal by Brian Boyle - Rafales : 1 - Ice Dragons : 3.
6:31 of 2nd period - Andrew Shaw wins face-off versus Brian Boyle in neutral zone.
6:34 of 2nd period - Snap shot by Kevin Veilleux.
6:34 of 2nd period - Stopped by Harru Sateri without a rebound.
6:35 of 2nd period - Brian Boyle wins face-off versus Andrew Shaw in Ice Dragons zone.
6:50 of 2nd period - Snap shot by Brian Boyle.
6:50 of 2nd period - Shot Misses the Net.
6:59 of 2nd period - Off-side.
7:00 of 2nd period - Cedric Paquette wins face-off versus Corban Knight in neutral zone.
7:03 of 2nd period - Wrist shot by Chris Terry.
7:03 of 2nd period - Deflect By Cedric Paquette.
7:03 of 2nd period - Stopped by Harru Sateri with a rebound.
7:15 of 2nd period - Snap shot by Logan MacMillan.
7:15 of 2nd period - Shot Blocked by Connor Murphy.
7:25 of 2nd period - Tim Crowder is hit by Chris Wagner and loses puck.
7:50 of 2nd period - Wrist shot by Brian Boyle.
7:50 of 2nd period - Shot Blocked by Carl Klingberg.
7:52 of 2nd period - Wrist shot by Brian Boyle.
7:52 of 2nd period - Stopped by Jake Allen without a rebound.
7:53 of 2nd period - Brian Boyle wins face-off versus Kevin Veilleux in Rafales zone.
8:18 of 2nd period - Justin Shugg is hit by Bruno Gervais and loses puck.
8:25 of 2nd period - Snap shot by Corban Knight.
8:25 of 2nd period - Stopped by Jake Allen with a rebound.
8:43 of 2nd period - Tim Crowder is hit by Chris Wagner and loses puck.
9:41 of 2nd period - Minor Penalty to Cedric Paquette for Tripping.
9:42 of 2nd period - Brian Boyle wins face-off versus Carl Klingberg in Rafales zone.
9:48 of 2nd period - Snap shot by Brian Boyle.
9:48 of 2nd period - Deflect By Billy Sweat.
9:48 of 2nd period - Goal by Billy Sweat - Rafales : 1 - Ice Dragons : 4.
9:49 of 2nd period - Brandon Kozun wins face-off versus Kevin Veilleux in neutral zone.
9:54 of 2nd period - Wrist shot by Billy Sweat.
9:54 of 2nd period - Shot Hit the Post.
10:02 of 2nd period - Snap shot by Brandon Kozun.
10:02 of 2nd period - Shot Blocked by Andrew Shaw.
10:23 of 2nd period - Logan MacMillan is hit by Brian Ferlin and loses puck.
10:48 of 2nd period - Slapshot by Brayden McNabb.
10:48 of 2nd period - Shot Misses the Net.
11:06 of 2nd period - Slapshot by Mike Reilly.
11:06 of 2nd period - Stopped by Jake Allen without a rebound.
11:07 of 2nd period - Kevin Veilleux wins face-off versus Brian Boyle in Rafales zone.
11:55 of 2nd period - Wrist shot by Ben Thomson.
11:55 of 2nd period - Stopped by Harru Sateri without a rebound.
11:56 of 2nd period - Ryan Bourque wins face-off versus Sam Carrick in Ice Dragons zone.
11:59 of 2nd period - Snap shot by Ryan Bourque.
11:59 of 2nd period - Stopped by Harru Sateri without a rebound.
12:00 of 2nd period - Brian Boyle wins face-off versus Carl Klingberg in Ice Dragons zone.
12:06 of 2nd period - Minor Penalty to Brian Boyle for Charging.
12:07 of 2nd period - Kevin Veilleux wins face-off versus Alex Henriksson in Ice Dragons zone.
12:42 of 2nd period - Wrist shot by Brian Ferlin.
12:42 of 2nd period - Deflect By Cedric Paquette.
12:42 of 2nd period - Stopped by Harru Sateri with a rebound.
12:44 of 2nd period - Slapshot by Brian Ferlin.
12:44 of 2nd period - Shot Misses the Net.
14:06 of 2nd period - Penalty to Brian Boyle is over, Brian Boyle is back on ice.
14:33 of 2nd period - Bruno Gervais is hit by Logan MacMillan and loses puck.
14:38 of 2nd period - Snap shot by Corban Knight.
14:38 of 2nd period - Stopped by Jake Allen with a rebound.
14:57 of 2nd period - Snap shot by James Marcou.
14:57 of 2nd period - Shot Misses the Net.
14:59 of 2nd period - Snap shot by Ryan Bourque.
14:59 of 2nd period - Shot Misses the Net.
15:15 of 2nd period - Carl Klingberg is hit by Chris Wagner and loses puck.
15:42 of 2nd period - Emil Pettersson is hit by Dylan McIlrath and loses puck.
18:24 of 2nd period - Wrist shot by Chris Wagner.
18:24 of 2nd period - Stopped by Jake Allen without a rebound.
18:25 of 2nd period - Ryan Bourque wins face-off versus Brian Boyle in Rafales zone.
18:27 of 2nd period - Minor Penalty to Ben Thomson for Hooking.
18:28 of 2nd period - Brian Boyle wins face-off versus Carl Klingberg in Rafales zone.
18:32 of 2nd period - Snap shot by Brian Boyle.
18:32 of 2nd period - Shot Blocked by Dylan McIlrath.
19:36 of 2nd period - Slapshot by Connor Murphy.
19:36 of 2nd period - Shot Blocked by Logan MacMillan.
Goals for this period are 0 for Rafales vs 2 for Ice Dragons.
Shots for this period are 8 for Rafales vs 8 for Ice Dragons.
3rd period
0:01 of 3rd period - Brian Boyle wins face-off versus Carl Klingberg in neutral zone.
0:27 of 3rd period - Penalty to Ben Thomson is over, Ben Thomson is back on ice.
0:46 of 3rd period - Snap shot by Andrew Shaw.
0:46 of 3rd period - Stopped by Harru Sateri without a rebound.
0:47 of 3rd period - Brian Boyle wins face-off versus Cedric Paquette in Ice Dragons zone.
1:22 of 3rd period - Icing by Connor Murphy.
1:23 of 3rd period - Brian Boyle wins face-off versus Cedric Paquette in Rafales zone.
1:24 of 3rd period - Wrist shot by Billy Sweat.
1:24 of 3rd period - Stopped by Jake Allen without a rebound.
1:25 of 3rd period - Kevin Veilleux wins face-off versus Brian Boyle in Rafales zone.
1:38 of 3rd period - Slapshot by Carl Klingberg.
1:38 of 3rd period - Shot Misses the Net.
1:40 of 3rd period - Slapshot by Bruno Gervais.
1:40 of 3rd period - Shot Blocked by Billy Sweat.
2:06 of 3rd period - Icing by Logan MacMillan.
2:07 of 3rd period - Cedric Paquette wins face-off versus Corban Knight in Ice Dragons zone.
2:08 of 3rd period - Wrist shot by Brian Ferlin.
2:08 of 3rd period - Shot Misses the Net.
2:10 of 3rd period - Slapshot by Connor Murphy.
2:10 of 3rd period - Stopped by Harru Sateri with a rebound.
2:18 of 3rd period - Slapshot by Andrew Shaw.
2:18 of 3rd period - Stopped by Harru Sateri without a rebound.
2:19 of 3rd period - Brian Boyle wins face-off versus Kevin Veilleux in Ice Dragons zone.
2:28 of 3rd period - Snap shot by Brandon Kozun.
2:28 of 3rd period - Shot Blocked by Bruno Gervais.
2:30 of 3rd period - Slapshot by Samuel Groulx.
2:30 of 3rd period - Stopped by Jake Allen with a rebound.
2:32 of 3rd period - Snap shot by Billy Sweat.
2:32 of 3rd period - Stopped by Jake Allen with a rebound.
2:34 of 3rd period - Slapshot by Mike Reilly.
2:34 of 3rd period - Stopped by Jake Allen with a rebound.
2:44 of 3rd period - Logan MacMillan is hit by Cedric Paquette and loses puck.
2:49 of 3rd period - Wrist shot by Brian Ferlin.
2:49 of 3rd period - Shot Misses the Net.
3:01 of 3rd period - Minor Penalty to Corban Knight for Interference.
3:02 of 3rd period - Kevin Veilleux wins face-off versus Brian Boyle in Ice Dragons zone.
3:36 of 3rd period - Brayden McNabb is hit by Cedric Paquette and loses puck.
4:09 of 3rd period - Slapshot by Samuel Groulx.
4:09 of 3rd period - Shot Misses the Net.
4:15 of 3rd period - Mike Reilly is hit by Cedric Paquette and loses puck.
5:01 of 3rd period - Penalty to Corban Knight is over, Corban Knight is back on ice.
5:37 of 3rd period - Ben Thomson is hit by Christian Djoos.
5:41 of 3rd period - Logan MacMillan is hit by Ben Thomson and loses puck.
5:56 of 3rd period - Wrist shot by Ben Thomson.
5:56 of 3rd period - Stopped by Harru Sateri without a rebound.
5:57 of 3rd period - Brian Boyle wins face-off versus Jayson Megna in Ice Dragons zone.
5:57 of 3rd period - Brian Boyle is hit by Maksim Mayorov.
6:02 of 3rd period - Off-side.
6:03 of 3rd period - Tim Crowder wins face-off versus Brian Boyle in neutral zone.
6:25 of 3rd period - Minor Penalty to Jayson Megna for Hooking.
6:26 of 3rd period - Brian Boyle wins face-off versus Carl Klingberg in Rafales zone.
6:27 of 3rd period - Snap shot by Brandon Kozun.
6:27 of 3rd period - Goal by Brandon Kozun - Rafales : 1 - Ice Dragons : 5.
6:28 of 3rd period - Kevin Veilleux wins face-off versus Brian Boyle in neutral zone.
6:36 of 3rd period - Snap shot by Brandon Kozun.
6:36 of 3rd period - Stopped by Jake Allen without a rebound.
6:37 of 3rd period - Brian Boyle wins face-off versus Kevin Veilleux in Rafales zone.
7:35 of 3rd period - Minor Penalty to Billy Sweat for High sticking.
7:36 of 3rd period - Alex Henriksson wins face-off versus Cedric Paquette in Ice Dragons zone.
8:07 of 3rd period - Corban Knight is hit by Chris Terry and loses puck.
8:24 of 3rd period - Cedric Paquette is hit by Brayden McNabb and loses puck.
8:31 of 3rd period - Brandon Kozun is hit by Cedric Paquette.
9:35 of 3rd period - Penalty to Billy Sweat is over, Billy Sweat is back on ice.
9:35 of 3rd period - Brian Boyle is hit by Tim Crowder and loses puck.
9:50 of 3rd period - Wrist shot by James Marcou.
9:50 of 3rd period - Goal by James Marcou - Rafales : 2 - Ice Dragons : 5.
9:51 of 3rd period - Logan MacMillan wins face-off versus Kevin Veilleux in neutral zone.
9:53 of 3rd period - Off-side.
9:54 of 3rd period - Corban Knight wins face-off versus Carl Klingberg in neutral zone.
10:08 of 3rd period - Backhand shot by Joey Laleggia.
10:08 of 3rd period - Shot Blocked by Logan MacMillan.
10:10 of 3rd period - Slapshot by Joey Laleggia.
10:10 of 3rd period - Shot Misses the Net.
10:40 of 3rd period - Sam Carrick is hit by Julian Melchiori and loses puck.
12:07 of 3rd period - Wrist shot by Sam Carrick.
12:07 of 3rd period - Goal by Sam Carrick - Rafales : 2 - Ice Dragons : 6.
12:08 of 3rd period - Brian Boyle wins face-off versus Kevin Veilleux in neutral zone.
12:34 of 3rd period - Adam Clendening is hit by Bruno Gervais and loses puck.
12:41 of 3rd period - Wrist shot by Chris Terry.
12:41 of 3rd period - Stopped by Harru Sateri with a rebound.
13:15 of 3rd period - Wrist shot by Kevin Veilleux.
13:15 of 3rd period - Shot Misses the Net.
13:42 of 3rd period - Snap shot by Corban Knight.
13:42 of 3rd period - Shot Blocked by Bruno Gervais.
14:15 of 3rd period - Icing by Samuel Groulx.
14:16 of 3rd period - Sam Carrick wins face-off versus Kevin Veilleux in Ice Dragons zone.
14:25 of 3rd period - Slapshot by Chris Wagner.
14:25 of 3rd period - Shot Misses the Net.
14:27 of 3rd period - Slapshot by Samuel Groulx.
14:27 of 3rd period - Stopped by Jake Allen with a rebound.
14:29 of 3rd period - Snap shot by Mike Reilly.
14:29 of 3rd period - Deflect By Kevin Veilleux.
14:29 of 3rd period - Stopped by Jake Allen with a rebound.
14:41 of 3rd period - Brian Boyle is hit by Brian Ferlin and loses puck.
15:26 of 3rd period - Snap shot by Juho Lammikko.
15:26 of 3rd period - Shot Misses the Net.
15:46 of 3rd period - Julian Melchiori is hit by Sam Carrick and loses puck.
16:07 of 3rd period - Snap shot by Andrew Shaw.
16:07 of 3rd period - Goal by Andrew Shaw - Rafales : 3 - Ice Dragons : 6.
16:08 of 3rd period - Brian Boyle wins face-off versus Kevin Veilleux in neutral zone.
16:15 of 3rd period - Snap shot by Brian Boyle.
16:15 of 3rd period - Shot Misses the Net.
16:17 of 3rd period - Snap shot by Brayden McNabb.
16:17 of 3rd period - Deflect By Brandon Kozun.
16:17 of 3rd period - Stopped by Jake Allen with a rebound.
16:19 of 3rd period - Wrist shot by Brandon Kozun.
16:19 of 3rd period - Goal by Brandon Kozun - Rafales : 3 - Ice Dragons : 7.
16:20 of 3rd period - Kevin Veilleux wins face-off versus Billy Sweat in neutral zone.
17:49 of 3rd period - Wrist shot by Carl Klingberg.
17:49 of 3rd period - Goal by Carl Klingberg - Rafales : 4 - Ice Dragons : 7.
17:50 of 3rd period - Brian Boyle wins face-off versus Kevin Veilleux in neutral zone.
18:31 of 3rd period - Slapshot by Brian Ferlin.
18:31 of 3rd period - Stopped by Harru Sateri without a rebound.
18:32 of 3rd period - Jayson Megna wins face-off versus Brian Boyle in Ice Dragons zone.
18:33 of 3rd period - Snap shot by Tim Crowder.
18:33 of 3rd period - Stopped by Harru Sateri without a rebound.
18:34 of 3rd period - Jayson Megna wins face-off versus Brian Boyle in Ice Dragons zone.
19:29 of 3rd period - Snap shot by Andrew Shaw.
19:29 of 3rd period - Deflect By Justin Shugg.
19:29 of 3rd period - Stopped by Harru Sateri without a rebound.
19:30 of 3rd period - Kevin Veilleux wins face-off versus Corban Knight in Ice Dragons zone.
19:35 of 3rd period - Snap shot by Carl Klingberg.
19:35 of 3rd period - Deflect By Kevin Veilleux.
19:35 of 3rd period - Shot Blocked by Logan MacMillan.
19:35 of 3rd period - Puck is out of play.
19:36 of 3rd period - Corban Knight wins face-off versus Kevin Veilleux in Ice Dragons zone.
Goals for this period are 3 for Rafales vs 3 for Ice Dragons.
Shots for this period are 11 for Rafales vs 11 for Ice Dragons.
Back to the Top